 Dungeon Crawl Stone Soup version 0.29.1-1-gd02db69 (webtiles) character file.

Game seed: 4631071398014534299

1603 lilryz the Cleaver (level 8, -1/73 HPs)
             Began as a Minotaur Berserker on Mar 28, 2023.
             Was a Believer of Trog.
             Slain by an orc wizard
             ... wielding a +0 dagger
              (3 damage)
             ... on level 7 of the Dungeon.
             The game lasted 00:27:09 (2792 turns).

lilryz the Cleaver (Minotaur Berserker)             Turns: 2792, Time: 00:27:10

Health: -1/73      AC: 10    Str: 24    XL:     8   Next: 63%
Magic:  7/7        EV: 13    Int:  4    God:    Trog [**....]
Gold:   213        SH:  0    Dex: 10    Spells: 7/7 levels left

rFire   . . .      SeeInvis +   c - +0 battleaxe (flame)
rCold   . . .      Faith    .   (shield currently unavailable)
rNeg    . . .      Spirit   .   d - +1 chain mail
rPois   .          Reflect  .   (helmet restricted)
rElec   .          Harm     .   (no cloak)
rCorr   .          Rampage  .   (no gloves)
Will    ++...                   (no boots)
Stlth   ..........              g - amulet of magic regeneration
HPRegen 1.22/turn               e - ring of see invisible
MPRegen 0.50/turn               f - +4 ring of evasion

@: strong-willed, mesmerised, regenerating
A: horns 2, retaliatory headbutt
a: Renounce Religion, Berserk, Trog's Hand


You were on level 7 of the Dungeon.
You worshipped Trog.
Trog was pleased with you.
You visited 1 branch of the dungeon, and saw 7 of its levels.

You collected 213 gold pieces.

Inventory:

Hand Weapons
 b - a +2 short sword of freezing
 c - a +0 battleaxe of flaming (weapon)
 h - a +2 whip of freezing
Armour
 d - a +1 chain mail (worn)
Jewellery
 e - a ring of see invisible (left hand)
 f - a +4 ring of evasion (right hand)
 g - an amulet of magic regeneration (around neck)


   Skills:
 + Level 7.5 Fighting
 + Level 9.2(9.4) Axes
 + Level 2.7(6.4) Maces & Flails
 + Level 5.4 Armour
 + Level 4.3 Dodging
 + Level 1.1 Stealth


You had 7 spell levels left.
You didn't know any spells.
Your spell library contained the following spells:

 Spells                   Type           Power      Damage    Failure   Level
 Sublimation of Blood     Necr           0%         N/A       99%         2
 Wereblood                Tmut           0%         N/A       99%         2
 Summon Hydra             Summ           0%         N/A       100%        7


Dungeon Overview and Level Annotations

Branches:
Dungeon (7/15)
 Temple: D:4-7

Altars:
Hepliaklqana
Qazlal
Sif Muna
Trog
Vehumet

Annotations:
D:7 Maggie


Innate Abilities, Weirdness & Mutations

You have a pair of horns on your head.
You reflexively headbutt those who attack you in melee.


Message History

Trog accepts your kill.
You closely miss the orc priest. The orc priest barely misses you.
Maggie hits you from afar with a +0 halberd!
The orc warrior misses you. The orc priest barely misses you.
Maggie casts a spell.
Maggie draws you further into her thrall.
Your Axes skill increases to level 9!
You hit the orc priest but do no damage.
The orc priest is heavily wounded.
You barely miss the orc. You closely miss the orc warrior.
The orc priest mumbles some strange prayers to Beogh against you.
Beogh smites you! Maggie gestures at you while chanting.
The bolt of fire hits the orc!!
The orc dies!
The bolt of fire hits you.
* * * LOW HITPOINT WARNING * * *
The orc warrior barely misses you.
Your skin crawls.
You feel strong-willed.
The orc priest calls down the wrath of Beogh upon you.
Beogh smites you!
* * * LOW HITPOINT WARNING * * *
Maggie completely misses you.
The orc wizard hits you but does no damage.
The orc warrior hits you with a +0 flail.
* * * LOW HITPOINT WARNING * * *
Your skin crawls.
You feel strong-willed.
The orc priest hits you but does no damage.
Maggie hits you from afar with a +0 halberd!
* * * LOW HITPOINT WARNING * * *
The orc wizard hits you but does no damage.
The orc warrior barely misses you.
Your skin crawls.
You feel strong-willed.
The orc priest hits you but does no damage.
Maggie barely misses you.
The orc wizard hits you with a +0 dagger.
You die...

.... # §...#
.#
§.§☼.######.##
._...........
☼○.........#
.°.@[....#
#.oo...# #@o#
#..# #..# #..#
#..###
###....#
##...##..#
#..### #.... #
####.## ####


You could see Maggie (mesmerising), an orc warrior, an orc priest and an orc
wizard (invisible).

Vanquished Creatures
  Pikel (D:5)
  A sky beast (D:7)
  2 black bears
  An orc warrior (D:7)
  A centaur (D:7)
  A phantom (D:6)
  A lemure (D:5)
  A necrophage (D:5)
  2 scorpions (D:6)
  5 wights (D:5)
  2 hounds
  A gnoll bouda (D:7)
  An orc wizard (D:5)
  5 gnolls (D:7)
  An adder (D:4)
  2 white imps
  A dart slug (D:1)
  7 orcs
  3 ball pythons
  6 bats
  7 endoplasms
  3 giant cockroaches
  4 goblins
  2 hobgoblins (D:1)
  4 jackals (D:3)
  A quokka (D:3)
  2 frilled lizards (D:1)
  3 kobolds (D:1)
  2 rats (D:1)
73 creatures vanquished.

Vanquished Creatures (others)
  2 orcs (D:7)
2 creatures vanquished.

Grand Total: 75 creatures vanquished

Notes
Turn   | Place    | Note
-------+----------+-------------------------------------------
     0 | D:1      | lilryz the Minotaur Berserker began the quest for the Orb.
     0 | D:1      | Reached XP level 1. HP: 19/19 MP: 0/0
   191 | D:1      | Reached XP level 2. HP: 23/27 MP: 1/1
   341 | D:1      | Reached skill level 4 in Axes
  1168 | D:3      | Reached ** piety under Trog
  1169 | D:3      | Reached XP level 3. HP: 32/33 MP: 2/2
  1427 | D:4      | Found a stormy altar of Qazlal.
  1432 | D:4      | Found a bloodstained altar of Trog.
  1435 | D:4      | Found a hazy altar of Hepliaklqana.
  1435 | D:4      | Found a shimmering blue altar of Sif Muna.
  1542 | D:5      | Entered Level 5 of the Dungeon
  1542 | D:5      | Noticed Pikel
  1542 | D:5      | Noticed a lemure
  1542 | D:5      | Noticed a lemure
  1542 | D:5      | Noticed a lemure
  1542 | D:5      | Noticed a lemure
  1542 | D:5      | Noticed a necrophage
  1550 | D:5      | Killed a lemure
  1551 | D:5      | Killed Pikel
  1552 | D:5      | Reached skill level 5 in Fighting
  1552 | D:5      | Reached skill level 7 in Axes
  1552 | D:5      | Reached XP level 4. HP: 21/44 MP: 3/3
  1552 | D:5      | Reached XP level 5. HP: 24/50 MP: 4/4
  1552 | D:5      | Reached XP level 6. HP: 27/57 MP: 5/5
  1554 | D:5      | Reached XP level 7. HP: 30/62 MP: 6/6
  1908 | D:5      | Reached skill level 8 in Axes
  1908 | D:5      | Reached skill level 1 in Stealth
  1924 | D:5      | Reached skill level 1 in Maces & Flails
  2310 | D:6      | Reached XP level 8. HP: 61/71 MP: 7/7
  2538 | D:7      | Reached skill level 5 in Armour
  2781 | D:7      | Noticed Maggie
  2782 | D:7      | Found a radiant altar of Vehumet.
  2789 | D:7      | Reached skill level 9 in Axes
  2791 | D:7      | HP: 1/73 [Maggie/+0 halberd (8)]
  2792 | D:7      | Slain by an orc wizard

Illustrated notes

Levels and vault maps discovered:
D:1:      wander_arrival_peaceful_grave, layout_basic
D:2:      cheibrodos_greedy_goblins, layout_loops_corners, basic_altar,
          serial_co_window_serial, co_window_paths_b, co_window_paths_b,
          co_window_cross_1, co_window_of_opportunity_a,
          co_window_of_opportunity_a, co_window_corner_a, co_window_paths_a,
          co_window_paths_b, co_window_cross_1, co_window_corner_ca,
          co_window_corner_b, co_window_corner_b, co_window_broadway_b,
          co_window_2corner, co_window_unsneaky_path_d, nicolae_wormholes
D:3:      layout_basic, mainiacjoe_overflow_alcove_2
D:4:      layout_basic, nicolae_ru_great_annihilating_truth, kennysheep_mini,
          grunt_temple_overflow_open
D:5:      layout_loops_ring, gup_ossuary_entry_pyramid, uniq_pikel
D:6:      layout_cave_pools, serial_shops, nicolae_shop_behind_doors,
          kennysheep_generic_room_14, uniq_crazy_yiuf_cottage
D:7:      dreamdust_elfheim, layout_rooms, fiery_altar_vehumet,
          minmay_temple_entry_poolview, amcnicky_mini_pool_small,
          roderic_lattice_a, kennysheep_generic_room_16, uniq_maggie

Skill      XL: |  1  2  3  4  5  6  7  8 |
---------------+-------------------------+-----
Axes           | 4 7 8 9 |  9.2
Fighting       | 4 5 6 7 |  7.5
Armour         | 3 4 5 |  5.4
Dodging        | 3 4 |  4.3
Stealth        | 1 |  1.1
Maces & Flails | 1 2 |  2.7

Action                   |  1- 3 |  4- 6 |  7- 9 || total
-------------------------+-------+-------+-------++-------
Melee: Hand axe          |    96 |     2 |     5 ||   103
       Headbutt          |    16 |     1 |    15 ||    32
       Battleaxe         |       |       |    48 ||    48
       Whip              |       |       |    17 ||    17
Invok: Berserk           |     3 |       |     1 ||     4
       Trog's Hand       |     1 |       |     6 ||     7
  Use: Scroll            |     1 |       |     2 ||     3
       Potion            |     1 |       |     1 ||     2
Armor: Animal skin       |    10 |       |       ||    10
       Chain mail        |    30 |       |    33 ||    63
Dodge: Dodged            |    54 |     1 |    60 ||   115
